 Dungeon Crawl Stone Soup version 0.19-a0-1225-gf887c1c (webtiles) character file.

269 hairmachine the Destroyer (level 6, 0/35 HPs)
             Began as a Tengu Conjurer on Aug 25, 2016.
             Slain by a ball python (2 damage)
             ... in a sewer.
             The game lasted 00:09:02 (3909 turns).

hairmachine the Destroyer (Tengu Conjurer)          Turns: 3909, Time: 00:09:03

Health: 0/35       AC:  2    Str:  9    XL:     6   Next: 22%
Magic:  3/10       EV: 10    Int: 21    God:
Gold:   123        SH:  0    Dex: 15    Spells: 3 memorised, 2 levels left

rFire  . . .     SeeInvis .     h - +0 short sword (flame)
rCold  . . .     Gourm    .     a - +0 robe
rNeg   . . .     Faith    .     (no shield)
rPois  .         Spirit   .     (helmet restricted)
rElec  .         Dismiss  .     (no cloak)
rCorr  .         Reflect  .     (no gloves)
MR     .....     Harm     .     (boots unavailable)
Stlth  ++........               (no amulet)
                                (no ring)
                                (no ring)

@: brilliant, constricted
A: beak, talons 3, robust 1, able to fly 1
a: Fly


You were in a sewer.
You were not hungry.

You visited 1 branch of the dungeon, and saw 4 of its levels.
You also visited: Sewer.

You collected 123 gold pieces.

Inventory:

Hand Weapons
 h - a +0 short sword of flaming (weapon)
 k - a +0 blowgun
 p - a +0 long sword
Missiles
 e - 44 poisoned needles
Armour
 a - a +0 robe (worn)
 l - a cursed +0 ring mail
Jewellery
 g - a cursed -2 ring of protection {unknown}
 o - an uncursed amulet of the gourmand {unknown}
Scrolls
 i - 2 scrolls of remove curse {unknown}
 m - a scroll of identify {unknown}
 n - a scroll of magic mapping {unknown}
 s - a scroll of immolation {unknown}
Potions
 d - 2 potions of cancellation
 f - a potion of magic
 r - a potion of mutation {unknown}
 t - a potion of flight {unknown}
Books
 b - a book of Conjurations

   Spells                             Type                      Level
   a - Magic Dart                     Conjuration                  1
   b - Searing Ray                    Conjuration                  2
   c - Dazzling Spray                 Conjuration/Hexes            3
   d - Fulminant Prism                Conjuration/Hexes            4
   e - Iskenderun's Mystic Blast      Conjuration                  4
   f - Iskenderun's Battlesphere      Conjuration/Charms           5
Comestibles
 c - 3 bread rations
 u - 2 chunks of flesh
 v - a meat ration


   Skills:
 + Level 3.9 Short Blades
 - Level 2.1 Dodging
 - Level 2.0 Stealth
 - Level 2.0 Spellcasting
 + Level 8.1 Conjurations


You had 2 spell levels left.
You knew the following spells:

 Your Spells              Type           Power        Failure   Level  Hunger
a - Magic Dart            Conj           ####         1%          1    #......
b - Searing Ray           Conj           #####.       1%          2    ##.....
c - Iskenderun's Mystic   Conj           #####...     1%          4    #####..


Dungeon Overview and Level Annotations

Branches:
Dungeon (4/15)
 Temple: D:4-7

Altars:
Nemelex Xobeh

Annotations:
Sewer braks's ghost, amateur HEAE


Innate Abilities, Weirdness & Mutations

You have a beak for a mouth.
You have claws for feet.
You can fly.
You are robust. (+10% HP)


Message History

It was a potion of brilliance.
You feel clever all of a sudden. Braks's ghost closely misses you.
The ball python barely misses you. The ball python grabs you.
The ball python constricts you.
It was a potion of beneficial mutation.
You feel robust.
You feel fantastic! Braks's ghost barely misses you.
The ball python bites you but does no damage.
The ball python constricts you.
Casting: Searing Ray
Confirm with . or Enter, or press ? or * to list all spells.
Aiming: Searing Ray
Press: ? - help, Shift-Dir - straight line, f/p - braks's ghost
Aim: braks's ghost (moderately damaged)
The searing ray hits braks's ghost.
Braks's ghost is moderately damaged.
Braks's ghost hits you.
* * * LOW HITPOINT WARNING * * *
The ball python bites you.
You die...

#.≈≈≈≈≈≈≈≈
#.≈≈≈≈≈≈≈≈≈≈≈≈
#.≈≈≈.≈≈≈≈≈≈≈≈
#.≈≈≈.≈≈≈≈≈≈≈≈
#.≈≈≈≈..≈≈≈≈≈≈
#.≈≈≈†≈≈≈≈≈≈≈≈
#.≈≈≈≈≈≈≈≈≈≈≈≈
#..≈≈≈WS≈≈≈≈≈≈
##....@≈≈≈≈..≈
#############


You could see braks's ghost and a ball python.

Vanquished Creatures
  Menkaure (D:4)
  Ijyb (D:3)
  Natasha (D:4)
  3 adders
  An ooze (D:1)
  A dart slug (D:1)
  3 giant geckos
  2 ball pythons
  7 giant cockroaches
  6 goblins
  6 hobgoblins
  5 jackals
  6 bats
  7 giant newts
  12 kobolds
  3 rats
65 creatures vanquished.

Notes
Turn   | Place    | Note
-------+----------+-------------------------------------------
     0 | D:1      | hairmachine the Tengu Conjurer began the quest for the Orb.
     0 | D:1      | Reached XP level 1. HP: 10/10 MP: 4/4
   207 | D:1      | Reached XP level 2. HP: 15/15 MP: 4/6
   259 | D:1      | Learned a level 2 spell: Searing Ray
   303 | D:1      | Reached skill level 6 in Conjurations
   825 | D:1      | Reached XP level 3. HP: 17/19 MP: 2/7
  1427 | D:2      | Found a faded altar of an unknown god.
  1499 | D:2      | Reached skill level 1 in Short Blades
  2572 | D:3      | Found a sparkling altar of Nemelex Xobeh.
  2719 | D:3      | Reached XP level 4. HP: 24/24 MP: 6/8
  2857 | D:3      | Learned a level 4 spell: Iskenderun's Mystic Blast
  3247 | D:3      | Noticed Ijyb
  3263 | D:3      | Killed Ijyb
  3263 | D:3      | Reached skill level 7 in Conjurations
  3453 | D:4      | Noticed Natasha
  3484 | D:4      | Found a glowing drain.
  3488 | D:4      | Noticed Menkaure
  3514 | D:4      | Killed Menkaure
  3514 | D:4      | Gained mutation: You can fly. [Tengu growth]
  3514 | D:4      | Reached XP level 5. HP: 17/28 MP: 5/9
  3657 | D:4      | Reached skill level 8 in Conjurations
  3657 | D:4      | Reached XP level 6. HP: 19/32 MP: 0/10
  3739 | D:4      | Killed Natasha
  3765 | Sewer    | Entered a sewer
  3898 | Sewer    | Noticed braks's ghost (amateur HEAE)
  3908 | Sewer    | Gained mutation: You are robust. (+10% HP) [potion of beneficial mutation]
  3909 | Sewer    | Slain by a ball python

Vault maps used:
D:1:      ncdulo_lavacross
D:2:      serial_forest, infiniplex_forest_corner_1, infiniplex_forest_end_1,
          infiniplex_forest_fountain, infiniplex_forest_straight_5,
          infiniplex_forest_straight_3, infiniplex_forest_lined_3,
          ecumenical_altar_1, first_bread
D:3:      nemelex_xobeh_ov_fountains_minmay, uniq_iyjb
D:4:      gup_sewer_entry_glass, serial_shops,
          nicolae_shop_temple_entry_statues_fountains, minmay_fountain_box,
          uniq_blork_the_orc, uniq_natasha, uniq_menkaure, uniq_grinder
Sewer:    sewer_frog_island_01

Skill      XL: |  1  2  3  4  5 |
---------------+----------------+-----
Conjurations   | 6 7 8 |  8.1
Short Blades   | 1 3 |  3.9
Dodging        | |  2.1
Stealth        | |  2.0
Spellcasting   | |  2.0

Action                   |  1- 3 |  4- 6 || total
-------------------------+-------+-------++-------
Melee: Short sword       |    13 |    31 ||    44
       Kick              |     5 |     3 ||     8
       Peck              |     3 |     3 ||     6
 Cast: Magic Dart        |    53 |    15 ||    68
       Searing Ray       |     6 |     9 ||    15
  Use: Potion            |     3 |     2 ||     5
       Scroll            |     2 |       ||     2
  Eat: Chunk             |     3 |     3 ||     6
       Meat ration       |     1 |       ||     1
Armor: Robe              |     2 |     9 ||    11
Dodge: Dodged            |    21 |    46 ||    67
